 Dungeon Crawl Stone Soup version bcrawl-1.36 (webtiles) character file.

Game seed: 15085196769373320020

122291 Mrkan the Sneak (level 4, 0/34 HPs)
             Began as a Gnoll Archaeologist on Apr 17, 2022.
             Slain by a gnoll
             ... wielding a +0 spear
              (2 damage)
             ... on level 2 of the Dungeon.
             The game lasted 00:02:09 (2092 turns).

Mrkan the Sneak (Gnoll Archaeologist)               Turns: 2092, Time: 00:02:09

Health: 0/34       AC: 13    Str: 15    XL:     4   Next: 54%
Magic:  5/5        EV:  6    Int: 16    God:
Gold:   126        SH:  0    Dex: 13    Spells: 5/5 levels left

rFire    . . .     SeeInvis .   a - +0 whip
rCold    . . .     Gourm    .   (no shield)
rNeg     . . .     Faith    .   j - +0 plate armour
rPois    .         Spirit   .   d - +1 hat
rElec    .         Reflect  .   (no cloak)
rCorr    .                      (no gloves)
MR       .....                  i - +1 pair of boots
Stlth    ..........             (no amulet)
HPRegen  0.11/turn              (no ring)
MPRegen  0.09/turn              (no ring)

@: no status effects
A: distributed training, fangs 1, strong nose
a: no special abilities


You were on level 2 of the Dungeon.
You were hungry.

You visited 1 branch of the dungeon, and saw 2 of its levels.

You collected 126 gold pieces.

Inventory:

Hand Weapons
 a - a +0 whip (weapon)
 b - a +0 blowgun
Missiles
 f - 6 curare-tipped needles
 l - 160 stones (quivered)
 q - 117 poisoned needles
Armour
 c - a +1 robe
 d - a +1 hat (worn)
 i - a +1 pair of boots (worn)
 j - a +0 plate armour (worn)
Jewellery
 k - a +3 amulet of reflection {unknown}
 m - an uncursed ring of insulation {unknown}
Scrolls
 g - a scroll of magic mapping
 n - a scroll of teleportation {unknown}
 r - a scroll of blinking {unknown}
Potions
 o - a potion of might {unknown}
Miscellaneous
 h - a dusty tome
Comestibles
 e - a ration {!d}
 p - 2 chunks of flesh


   Skills:
 + Level 2.7 Fighting
 + Level 1.1 Short Blades
 + Level 1.1 Long Blades
 + Level 1.1 Axes
 + Level 2.7 Maces & Flails
 + Level 1.1 Polearms
 + Level 1.1 Staves
 + Level 1.1 Slings
 + Level 1.1 Bows
 + Level 1.1 Crossbows
 + Level 1.1 Throwing
 + Level 1.1 Armour
 + Level 6.6 Dodging
 + Level 6.6 Stealth
 + Level 1.1 Shields
 + Level 1.1 Unarmed Combat
 + Level 1.1 Spellcasting
 + Level 0.9 Conjurations
 + Level 0.9 Hexes
 + Level 0.9 Charms
 + Level 0.9 Summonings
 + Level 0.9 Necromancy
 + Level 0.9 Translocations
 + Level 0.9 Transmutations
 + Level 0.9 Fire Magic
 + Level 0.9 Ice Magic
 + Level 0.9 Air Magic
 + Level 0.9 Earth Magic
 + Level 0.9 Poison Magic
 + Level 1.2 Invocations
 + Level 1.1 Evocations


You had 5 spell levels left.
You didn't know any spells.
Your spell library was empty.

Dungeon Overview and Level Annotations

Branches:
Dungeon (2/12)

Altars:
Cheibriados
Elyvilon
Kikubaaqudgha
Qazlal

Annotations:
D:2 Sigmund


Innate Abilities, Weirdness & Mutations

Your experience applies equally to all skills.
You have very sharp teeth.
Your uncanny sense of smell can sniff out nearby items.


Message History

The gnoll is heavily wounded.
The gnoll hits you but does no damage. x2
Your plate armour prevents you from hitting the gnoll.
The gnoll is heavily wounded.
The gnoll hits you but does no damage.
You hit the gnoll.
The gnoll is almost dead.
The gnoll hits you but does no damage. x2
You hit the gnoll.
You kill the gnoll!
You closely miss the hobgoblin. The gnoll barely misses you.
The hobgoblin hits you but does no damage.
The gnoll hits you but does no damage.
You barely miss the hobgoblin.
The hobgoblin hits you but does no damage.
The gnoll hits you but does no damage.
You closely miss the hobgoblin. The hobgoblin hits you with a +0 club.
* * * LOW HITPOINT WARNING * * *
The gnoll hits you from afar with a +0 spear.
You die...

.# ## .............
### ............ ...
........... ..
#......._.# #.
#.......... #.#
#.....8....
####..#####l.........
#........@gg{._......
#.###.†####g........#
∆ ##.## #.........#
#..# #.#######.# ##.#
#.# # #.###.# #..##.#
##.##.# ########
#..#.#


You could see a gnoll, a leopard gecko and 2 hobgoblins.

Vanquished Creatures
  2 gnolls (D:2)
  2 worms
  2 dart slugs
  4 leopard geckos
  A giant cockroach (D:1)
  9 goblins (D:1)
  10 hobgoblins
  3 jackals (D:2)
  5 kobolds
  2 quokkas
  5 bats (D:1)
  A frilled lizard (D:2)
  3 rats
49 creatures vanquished.

Notes
Turn   | Place    | Note
-------+----------+-------------------------------------------
     0 | D:1      | Mrkan the Gnoll Archaeologist began the quest for the Orb.
     0 | D:1      | Reached XP level 1. HP: 17/17 MP: 1/1
   113 | D:1      | Reached XP level 2. HP: 7/23 MP: 2/2
   469 | D:1      | Reached XP level 3. HP: 27/28 MP: 3/3
   986 | D:1      | Reached skill level 1 in Invocations
  1515 | D:2      | Reached skill level 1 in Short Blades
  1515 | D:2      | Reached skill level 1 in Long Blades
  1515 | D:2      | Reached skill level 1 in Axes
  1515 | D:2      | Reached skill level 1 in Polearms
  1515 | D:2      | Reached skill level 1 in Staves
  1515 | D:2      | Reached skill level 1 in Slings
  1515 | D:2      | Reached skill level 1 in Bows
  1515 | D:2      | Reached skill level 1 in Crossbows
  1515 | D:2      | Reached skill level 1 in Throwing
  1515 | D:2      | Reached skill level 1 in Armour
  1515 | D:2      | Reached skill level 1 in Shields
  1515 | D:2      | Reached skill level 1 in Unarmed Combat
  1515 | D:2      | Reached skill level 1 in Spellcasting
  1515 | D:2      | Reached skill level 1 in Evocations
  1648 | D:2      | Reached XP level 4. HP: 26/34 MP: 5/5
  1695 | D:2      | Found a snail-covered altar of Cheibriados.
  1746 | D:2      | Noticed an earth elemental
  1747 | D:2      | Found a stormy altar of Qazlal.
  1748 | D:2      | Noticed a fire elemental
  1749 | D:2      | Noticed a water elemental
  1749 | D:2      | Noticed an air elemental
  2049 | D:2      | Found a white marble altar of Elyvilon.
  2057 | D:2      | Noticed Sigmund
  2058 | D:2      | Found an ancient bone altar of Kikubaaqudgha.
  2092 | D:2      | Slain by a gnoll

Skill      XL: |  1  2  3 |
---------------+----------+-----
Invocations    | 1 |  1.2
Short Blades   | 1 |  1.1
Long Blades    | 1 |  1.1
Axes           | 1 |  1.1
Polearms       | 1 |  1.1
Staves         | 1 |  1.1
Slings         | 1 |  1.1
Bows           | 1 |  1.1
Crossbows      | 1 |  1.1
Throwing       | 1 |  1.1
Armour         | 1 |  1.1
Shields        | 1 |  1.1
Unarmed Combat | 1 |  1.1
Spellcasting   | 1 |  1.1
Evocations     | 1 |  1.1
Fighting       | |  2.7
Maces & Flails | |  2.7
Dodging        | |  6.6
Stealth        | |  6.6
Conjurations   | |  0.9
Hexes          | |  0.9
Charms         | |  0.9
Summonings     | |  0.9
Necromancy     | |  0.9
Translocations | |  0.9
Transmutations | |  0.9
Fire Magic     | |  0.9
Ice Magic      | |  0.9
Air Magic      | |  0.9
Earth Magic    | |  0.9
Poison Magic   | |  0.9

Action                   |  1- 3 |  4- 6 || total
-------------------------+-------+-------++-------
Melee: Whip              |   167 |    66 ||   233
       Bite              |    11 |     8 ||    19
  Eat: Chunk             |     6 |     3 ||     9
Armor: Robe              |     3 |       ||     3
       Plate armour      |   102 |    43 ||   145
Dodge: Dodged            |    67 |    13 ||    80
